 Dungeon Crawl Stone Soup version 0.19.0-20-gbc5f0c6 (webtiles) character file.

32 Gargoyl the Skirmisher (level 3, -1/29 HPs)
             Began as a Demonspawn Abyssal Knight on Nov 17, 2016.
             Was a Follower of Lugonu.
             Succumbed to an adder's poison
             ... on level 2 of the Dungeon.
             The game lasted 00:02:56 (1676 turns).

Gargoyl the Skirmisher (Demonspawn Abyssal Knight)  Turns: 1676, Time: 00:02:57

Health: -1/29      AC: 11    Str: 13    XL:     3   Next: 10%
Magic:  5/5        EV:  8    Int: 20    God:    Lugonu [*.....]
Gold:   114        SH:  4    Dex: 17    Spells: 0 memorised, 2 levels left

rFire  + . .     SeeInvis .     a - +1 hand axe
rCold  . . .     Gourm    .     f - +0 plate armour
rNeg   . . .     Faith    .     (no shield)
rPois  .         Spirit   .     (no helmet)
rElec  +         Reflect  .     (no cloak)
rCorr  .         Harm     .     (no gloves)
MR     .....                    (no boots)
Stlth  ..........               (no amulet)
                                (no ring)
                                e - ring of Motonk {+Inv rElec rF+ Int+2}

@: brilliant, agile, lethally poisoned (-1 -> -19)
A: large bone plates 1, powered by death 1
a: Depart the Abyss, Renounce Religion, Evoke Invisibility


You were on level 2 of the Dungeon.
You worshipped Lugonu.
Lugonu was aware of your devotion.
You were very hungry.

You visited 1 branch of the dungeon, and saw 2 of its levels.
You visited the Abyss 1 time.

You collected 114 gold pieces.

Inventory:

Hand Weapons
 a - a +1 hand axe (weapon)
Armour
 f - a +0 plate armour (worn)
Jewellery
 e - the ring of Motonk (left hand) {+Inv rElec rF+ Int+2}
   (You found it on level 2 of the Abyss)

   [ring of protection from fire]

   It affects your intelligence (+2).
   It protects you from fire.
   It insulates you from electricity.
   It lets you turn invisible.
 m - a +3 ring of protection {unknown}
Scrolls
 d - a scroll of teleportation {unknown}
 i - 2 scrolls of identify {unknown}
 j - a scroll of enchant armour {unknown}
Potions
 h - 2 potions of agility
 l - a potion of lignification {unknown}
Comestibles
 c - a bread ration
 k - a royal jelly


   Skills:
 + Level 3.5 Fighting
 + Level 1.9 Axes
 * Level 2.2 Armour
 + Level 1.1 Dodging
 * Level 2.8 Invocations


You had 2 spell levels left.
You didn't know any spells.

Dungeon Overview and Level Annotations

Branches:
Dungeon (2/15)

Altars:


Innate Abilities, Weirdness & Mutations

You are partially covered in large bone plates. (SH +4)
You regenerate a little health from kills.


Message History

You hit the adder but do no damage.
The adder is almost dead.
You feel sick. You block the adder's attack. The adder bites you.
* * * LOW HITPOINT WARNING * * *
You hit the adder.
The adder is almost dead.
The adder bites you.
* * * LOW HITPOINT WARNING * * *
You are more poisoned.
The adder poisons you!
It was a potion of agility.
You feel agile all of a sudden.
* * * LOW HITPOINT WARNING * * *
You feel sick. The adder bites you.
* * * LOW HITPOINT WARNING * * *
You are more poisoned.
The adder poisons you!
It was a potion of brilliance.
You feel clever all of a sudden.
You die...

#..# #..# #.# #..#
#.# #..# #.#
#.###..#######
#.##
..............
...#
#.###..#######
#..######
.......##...##
#S.......
...........[)###@#
#####.###........#
#.# ####.##### #.#
#.# #.######.#
#........#
#.########
#####..######
............#


You could see an adder.

Vanquished Creatures
  An adder (D:2)
  A ball python (D:1)
  3 bats (D:1)
  A giant cockroach (D:2)
  3 goblins
  5 hobgoblins
  A quokka (D:2)
  A frilled lizard (D:1)
  2 kobolds
  3 rats (D:1)
21 creatures vanquished.

Notes
Turn   | Place    | Note
-------+----------+-------------------------------------------
     0 | Abyss:1  | Gargoyl the Demonspawn Abyssal Knight began the quest for the Orb.
     0 | Abyss:1  | Reached XP level 1. HP: 18/18 MP: 2/2
    71 | Abyss:1  | Found a corrupted altar of Lugonu.
    90 | Abyss:1  | Found a corrupted altar of Lugonu.
   120 | Abyss:2  | Got a transparent platinum ring
   121 | Abyss:2  | Identified the ring of Motonk {+Inv rElec rF+ Int+2} (You found it on level 2 of the Abyss)
   147 | Abyss:2  | Noticed a hell hog
   156 | Abyss:2  | Noticed a chaos spawn
   161 | Abyss:2  | Noticed a hell hound
   162 | Abyss:2  | Noticed a hell hound
   163 | Abyss:2  | Noticed a hell hound
   163 | D:1      | Escaped the Abyss
   559 | D:1      | Gained mutation: You are partially covered in large bone plates. (SH +4) [demonic ancestry]
   559 | D:1      | Reached XP level 2. HP: 23/24 MP: 3/3
   780 | D:1      | Reached skill level 1 in Dodging
   808 | D:1      | Reached * piety under Lugonu
  1641 | D:2      | Gained mutation: You regenerate a little health from kills. [demonic ancestry]
  1641 | D:2      | Reached XP level 3. HP: 25/29 MP: 3/5
  1675 | D:2      | HP: 1/29 [adder (3)]
  1676 | D:2      | Succumbed to an adder's poison

Skill      XL: |  1  2 |
---------------+-------+-----
Armour         | 2 |  2.2
Dodging        | 1 |  1.1
Fighting       | |  3.5
Axes           | |  1.9
Invocations    | |  2.8

Action                   || total
-------------------------++-------
Melee: Hand axe          ||   132
Invok: Depart the Abyss  ||     1
  Use: Potion            ||     2
  Eat: Beef jerky        ||     1
Armor: Plate armour      ||   107
       Leather armour    ||     1
Dodge: Dodged            ||    30
Block: Other             ||    18
